 Dungeon Crawl Stone Soup version 0.31.0-11-ge490571c62 (webtiles) character file.

Game seed: 18344471088169468388

5686 qw the Nimble (level 10, -4/50 HPs)
             Began as a Spriggan Hunter on Feb 5, 2024.
             Was an Elder of Okawaru.
             Slain by a troll (11 damage)
             ... on level 8 of the Dungeon.
             The game lasted 00:03:02 (7815 turns).

qw the Nimble (Spriggan Hunter)                     Turns: 7815, Time: 00:03:02

Health: -4/50      AC:  4    Str: 13    XL:     10   Next: 47%
Magic:  14/14      EV: 31    Int: 21    God:    Okawaru [****..]
Gold:   261        SH:  0    Dex: 26    Spells: 9/9 levels left

rFire   . . .        e - +0 arbalest
rCold   . . .        (shield currently unavailable)
rNeg    . . .        n - +2 robe of the Baker {Int+4 Dex+3}
rPois   .            (helmet restricted)
rElec   .            (no cloak)
rCorr   +            (gloves unavailable)
SInv    +            (boots unavailable)
Will    ++...        a - amulet of faith
Stlth   ++           f - ring of Eceunoant {rCorr Str+6 Int+6}
HPRegen 0.28/turn    l - ring of willpower
MPRegen 0.14/turn

%: faith
@: very quick
A: very small, no large weapons, unfitting armour, see invisible, speed 3
a: Renounce Religion, Heroism, Finesse


You were on level 8 of the Dungeon.
You worshipped Okawaru.
Okawaru was greatly pleased with you.
You visited 2 branches of the dungeon, and saw 9 of its levels.

You collected 467 gold pieces.
You spent 206 gold pieces at shops.


Innate Abilities, Weirdness & Mutations

You are very small and have problems with some larger weapons.
You are too small for most types of armour.
You have supernaturally acute eyesight. (SInv)
You cover ground extremely quickly. (Speed+++)


   Skills:
 - Level 4.2 Fighting
 - Level 11.0 Ranged Weapons
 - Level 1.2 Armour
 + Level 12.5 Dodging
 - Level 1.5 Stealth
 + Level 5.1 Invocations


You had 9 spell levels left.
You didn't know any spells.
Your spell library was empty.

Inventory:

Hand Weapons
 e - a +0 arbalest (weapon)
Armour
 n - the +2 robe of the Baker (worn) {Int+4 Dex+3}
   (You acquired it on level 8 of the Dungeon)

   Int+4:     It affects your intelligence (+4).
   Dex+3:     It affects your dexterity (+3).
Jewellery
 a - an amulet of faith (around neck)
 f - the ring of Eceunoant (left hand) {rCorr Str+6 Int+6}
   (You acquired it on level 6 of the Dungeon)

   [ring of strength]

   Str+6:     It affects your strength (+6).
   Int+6:     It affects your intelligence (+6).
   rCorr:     It protects you from acid and corrosion.
 k - a ring of fire
 l - a ring of willpower (right hand)
Wands
 g - a wand of mindburst (2)
 j - a wand of roots (3)
Scrolls
 c - a scroll of enchant weapon {unknown}
Potions
 b - a potion of cancellation
 d - 5 potions of curing
 h - a potion of might
 m - a potion of magic {unknown}

Dungeon Overview and Level Annotations

Branches:
Dungeon (8/15)             Temple (1/1) D:6
   Lair: D:8-11

Altars:
Cheibriados
Dithmenos
Elyvilon
Fedhas
Gozag
Hepliaklqana
Kikubaaqudgha
Makhleb
Nemelex Xobeh
Okawaru
Qazlal
Ru
Sif Muna
Trog
Uskayaw
Vehumet
Wu Jian
Xom
Yredelemnul
Zin
The Shining One

Shops:
D:2 (!   D:3 *   D:5 *

Annotations:
D:8 4 runed translucent doors


Message History

The gnoll bouda is almost dead.
You hear a shout!
The gnoll bouda closely misses you.
You shoot a bolt. The bolt hits the gnoll bouda!
You kill the gnoll bouda!
Okawaru accepts your kill.
A troll comes into view.
You shoot a bolt. The bolt closely misses the troll.
You hear a shout!
The troll completely misses you. The troll claws you!
The troll barely misses you.
An orc warrior comes into view. It is wielding a +0 halberd.
The orc warrior completely misses you. The troll bites you!
The troll barely misses you. The troll closely misses you.
You shoot a bolt. The bolt closely misses the troll.
The troll misses you. The troll claws you! The troll misses you.
The orc warrior closely misses you.
You shoot a bolt. The bolt hits the troll.
The troll is lightly wounded.
The troll completely misses you. The troll closely misses you.
The troll barely misses you. The orc warrior closely misses you.
You shoot a bolt.
The bolt hits the troll but does no damage.
The troll is lightly wounded.
The troll closely misses you. The troll misses you.
The troll barely misses you.
The orc warrior completely misses you. x2; The troll completely misses you.
The troll closely misses you. The troll claws you.
You shoot a bolt. The bolt barely misses the troll.
The troll misses you. The troll completely misses you. The troll claws you.
The orc warrior completely misses you.
You shoot a bolt. The bolt hits the troll.
The troll is lightly wounded.
The troll misses you. The troll completely misses you. x2
The orc warrior misses you. x2; The troll closely misses you.
The troll barely misses you. The troll claws you.
You shoot a bolt. The bolt hits the troll!
The troll is heavily wounded.
The orc warrior closely misses you. The troll completely misses you.
The troll claws you!
You die...

#.#8...c8#.# #.##.##.######..
####.##8[!8##.###.##.##.# ###!#
##.....######......##..#.# #....
#))###'# #'###..###.#.# #....
#)##...### #.#.##.......# #....
#)#%#.##[# ##%#.#.###.### #....
#.#.##.#.# ###)#.###.## #....
..#.#(##.# #.#.##...#########
..#.###..# #@#.#..#.....#
..##....####..oT##.#.###....#
...######..######.....#.....#
....................#!..##.######
#..................######........
#################### #......##
#....#.## ####.#... #.####


You could see a troll and an orc warrior.

Vanquished Creatures
  Maggie (D:7)
  2 hornets (D:8)
  A slime creature (D:8)
  2 wyverns (D:7)
  3 yaks (D:8)
  2 steam dragons
  Menkaure (D:6)
  4 vampire mosquitoes (D:8)
  A water moccasin (D:8)
  3 ice beasts
  An orc warrior (D:8)
  4 sky beasts
  2 phantoms
  A kobold brigand (D:7)
  2 gnoll sergeants
  6 bullfrogs
  4 scorpions
  10 wights (D:8)
  A killer bee (D:8)
  A bombardier beetle (D:5)
  A howler monkey (D:8)
  2 hounds
  A gnoll bouda (D:8)
  2 jellies (D:7)
  4 orc priests
  2 iguanas (D:5)
  4 sleepcaps
  Natasha (D:3)
  3 orc wizards
  13 gnolls
  7 adders
  A shadow imp (D:6)
  A white imp (D:6)
  5 dart slugs
  3 ribbon worms
  14 orcs
  10 endoplasms
  4 giant cockroaches
  6 goblins
  9 hobgoblins
  3 quokkas (D:1)
  5 ball pythons
  4 bats
  3 frilled lizards
  7 kobolds
  2 rats (D:2)
169 creatures vanquished.

Notes
Turn   | Place    | Note
-------+----------+-------------------------------------------
     0 | D:1      | qw the Spriggan Hunter began the quest for the Orb.
     0 | D:1      | Reached XP level 1. HP: 10/10 MP: 2/2
     0 | D:1      | 0 ||| qw: Version: 0.3-a-160-g6735b56
     0 | D:1      | 0 ||| qw: Game counter: 6462
     0 | D:1      | 0 ||| qw: Melee chars always use a shield: true
     0 | D:1      | 0 ||| qw: God list: Okawaru
     0 | D:1      | 0 ||| qw: Allow faded altars: false
     0 | D:1      | 0 ||| qw: Do Orc after clearing Dungeon:15 true
     0 | D:1      | 0 ||| qw: Do second Lair branch before Depths: true
     0 | D:1      | 0 ||| qw: Lair rune preference: random
     0 | D:1      | 0 ||| qw: Goals: Normal
     0 | D:1      | 0 ||| PLANNING D:1-11
    63 | D:1      | Reached skill level 3 in Dodging
   236 | D:1      | Reached XP level 2. HP: 14/14 MP: 3/3
   244 | D:1      | Reached skill level 4 in Dodging
   248 | D:1      | 248 ||| RETREEEEATING.
   339 | D:1      | Reached XP level 3. HP: 18/18 MP: 4/4
   710 | D:1      | 710 ||| READING scroll labelled AHEIRE ONEI.
   745 | D:1      | 745 ||| DROPPING scroll of butterflies.
   861 | D:2      | Found Luibbax's Distillery.
   869 | D:2      | 869 ||| SHOPLISTING 2 potions of enlightenment (130 gold,
                  | have 64).
   869 | D:2      | 869 ||| BUYING potion of curing (39 gold).
   869 | D:2      | Bought a potion of curing for 39 gold pieces
   869 | D:2      | 869 ||| SHOPLISTING potion of heal wounds (65 gold, have
                  | 25).
   869 | D:2      | 869 ||| SHOPLISTING potion of resistance (130 gold, have
                  | 25).
  1075 | D:2      | Reached XP level 4. HP: 22/22 MP: 5/5
  1082 | D:2      | Found a faded altar of an unknown god.
  1110 | D:2      | Found Hyleipt's Weapon Shoppe.
  1124 | D:2      | 1124 ||| READING scroll labelled KOWOEN ZEGI.
  1878 | D:2      | 1878 ||| READING scroll labelled QEVYVY KAJ LUOGUA.
  1879 | D:2      | 1879 ||| READING scroll labelled NURGHO RUSEAHU.
  1881 | D:2      | 1881 ||| Stepping ~*~*~tactically~*~*~ (cloud).
  1882 | D:2      | 1882 ||| DRINKING potion of curing.
  1882 | D:2      | 1882 ||| (to cure poison)
  1884 | D:2      | 1884 ||| Stepping ~*~*~tactically~*~*~ (cloud).
  2025 | D:3      | Reached skill level 5 in Dodging
  2274 | D:3      | Noticed Natasha
  2276 | D:3      | 2276 ||| FLEEEEING.
  2282 | D:3      | Killed Natasha
  2283 | D:3      | Reached XP level 5. HP: 21/26 MP: 6/6
  2462 | D:3      | Found Lotagor's General Store.
  2467 | D:3      | 2467 ||| BUYING scroll of identify (22 gold).
  2467 | D:3      | Bought a scroll of identify for 22 gold pieces
  2467 | D:3      | 2467 ||| BUYING wand of roots (3) (79 gold).
  2467 | D:3      | Bought a wand of roots (3) for 79 gold pieces
  2661 | D:3      | 2661 ||| READING 2 scrolls of identify.
  2661 | D:3      | 2661 ||| IDENTIFYING lumpy ruby potion
  2662 | D:3      | 2662 ||| READING scroll of identify.
  2662 | D:3      | 2662 ||| IDENTIFYING orange potion
  2663 | D:3      | 2663 ||| READING scroll labelled FYLIFR UTICEE.
  2663 | D:3      | 2663 ||| BRANDING +0 shortbow.
  2664 | D:3      | 2664 ||| READING scroll labelled VIUGET ROHIN.
  2665 | D:3      | 2665 ||| DROPPING potion of brilliance.
  2666 | D:3      | 2666 ||| DROPPING potion of attraction.
  2721 | D:4      | Identified the +6 short sword of the Briny Deep {pain,
                  | rElec}
  2987 | D:4      | Noticed a phantom
  2990 | D:4      | Killed a phantom
  2991 | D:4      | Reached skill level 6 in Ranged Weapons
  2991 | D:4      | Reached XP level 6. HP: 30/30 MP: 7/7
  3098 | D:4      | 3098 ||| SWAPPING to +0 orcbow.
  3099 | D:4      | 3099 ||| DROPPING +0 heavy shortbow.
  3267 | D:4      | 3267 ||| READING scroll of identify.
  3267 | D:4      | 3267 ||| IDENTIFYING metallic black potion
  3268 | D:4      | 3268 ||| DROPPING potion of lignification.
  3300 | D:5      | Entered Level 5 of the Dungeon
  3306 | D:5      | 3306 ||| STAIRDANCE
  3357 | D:5      | Noticed a sky beast
  3371 | D:5      | Killed a sky beast
  3372 | D:5      | Reached skill level 6 in Dodging
  3379 | D:5      | Found Qocez's Assorted Antiques.
  3394 | D:5      | 3394 ||| SHOPLISTING 2 potions of curing (132 gold, have
                  | 73).
  3394 | D:5      | 3394 ||| SHOPLISTING moonstone ring (110 gold, have 73).
  3394 | D:5      | 3394 ||| SHOPLISTING notched golden ring (110 gold, have
                  | 73).
  3394 | D:5      | 3394 ||| SHOPLISTING runed agate ring (110 gold, have 73).
  3394 | D:5      | 3394 ||| BUYING scroll labelled VUTILERH JUTA (22 gold).
  3394 | D:5      | Bought a scroll labelled VUTILERH JUTA for 22 gold pieces
  3394 | D:5      | 3394 ||| BUYING scroll of identify (44 gold).
  3394 | D:5      | Bought a scroll of identify for 44 gold pieces
  3530 | D:5      | Reached XP level 7. HP: 35/35 MP: 8/8
  3579 | D:5      | Reached skill level 7 in Dodging
  4002 | D:5      | 4002 ||| READING 2 scrolls of identify.
  4002 | D:5      | 4002 ||| IDENTIFYING metallic inky potion
  4003 | D:5      | 4003 ||| READING scroll of identify.
  4003 | D:5      | 4003 ||| IDENTIFYING 3 brown potions
  4004 | D:5      | 4004 ||| READING 2 scrolls labelled NEUNLOA OLEGA.
  4004 | D:5      | 4004 ||| ENCHANTING +0 robe.
  4005 | D:5      | 4005 ||| READING scroll labelled VUTILERH JUTA.
  4008 | D:5      | 4008 ||| READING scroll labelled IRUHUS YCOU.
  4109 | D:5      | 4109 ||| DROPPING 3 potions of degeneration.
  4219 | D:6      | 4219 ||| SWAPPING to +0 arbalest.
  4222 | D:6      | 4222 ||| DROPPING +0 orcbow.
  4316 | D:6      | Reached skill level 3 in Fighting
  4359 | D:6      | Reached XP level 8. HP: 40/40 MP: 9/9
  4400 | D:6      | Reached skill level 8 in Dodging
  4458 | D:6      | Noticed Menkaure
  4460 | D:6      | 4460 ||| FLEEEEING.
  4462 | D:6      | 4462 ||| FLEEEEING.
  4463 | D:6      | 4463 ||| FLEEEEING.
  4470 | D:6      | Killed Menkaure
  4596 | D:6      | Found a staircase to the Ecumenical Temple.
  4597 | D:6      | 4597 ||| PLANNING TEMPLE
  4597 | D:6      | 4597 ||| READING scroll of identify.
  4597 | D:6      | 4597 ||| IDENTIFYING scroll labelled COUCWOOGYCS
  4598 | D:6      | 4598 ||| READING scroll labelled VIFFIX AHONOSK.
  4599 | D:6      | 4599 ||| DROPPING scroll of amnesia.
  4608 | Temple   | Entered the Ecumenical Temple
  4609 | Temple   | 4609 ||| PLANNING OKAWARU WORSHIP
  4638 | Temple   | Became a worshipper of Warmaster Okawaru
  4639 | Temple   | 4639 ||| PLANNING D:1-11
  5300 | D:6      | 5300 ||| READING scroll labelled EFIOMPE JESS.
  5300 | D:6      | Identified a scroll of acquirement
  5300 | D:6      | 5300 ||| ACQUIRING ring of Eceunoant {rCorr Str+6 Int+6}
  5300 | D:6      | Acquired the ring of Eceunoant {rCorr Str+6 Int+6}
  5302 | D:6      | 5302 ||| UPGRADING to ring of Eceunoant {rCorr Str+6
                  | Int+6}.
  5351 | D:7      | Noticed Maggie
  5352 | D:7      | 5352 ||| ZAPPING wand of mindburst (13) at 2,-7 (Maggie;
                  | floor).
  5353 | D:7      | 5353 ||| ZAPPING wand of mindburst (12) at 1,-6 (Maggie;
                  | floor).
  5354 | D:7      | 5354 ||| ZAPPING wand of mindburst (11) at 1,-5 (Maggie;
                  | floor).
  5355 | D:7      | 5355 ||| ZAPPING wand of mindburst (10) at 1,-4 (Maggie;
                  | floor).
  5357 | D:7      | 5357 ||| ZAPPING wand of mindburst (9) at 1,-3 (Maggie;
                  | floor).
  5359 | D:7      | 5359 ||| ZAPPING wand of mindburst (8) at 1,-3 (Maggie;
                  | floor).
  5362 | D:7      | 5362 ||| ZAPPING wand of mindburst (7) at 1,-3 (Maggie;
                  | floor).
  5363 | D:7      | 5363 ||| ZAPPING wand of mindburst (6) at 1,-3 (Maggie;
                  | floor).
  5366 | D:7      | 5366 ||| ZAPPING wand of mindburst (5) at 1,-1 (Maggie;
                  | floor).
  5367 | D:7      | 5367 ||| ZAPPING wand of mindburst (4) at 1,-1 (Maggie;
                  | floor).
  5367 | D:7      | HP: 7/40 [Maggie/+2 long sword of flaming (8)]
  5368 | D:7      | 5368 ||| ZAPPING wand of mindburst (3) at 1,-1 (Maggie;
                  | floor).
  5368 | D:7      | Killed Maggie
  5368 | D:7      | Reached * piety under Okawaru
  5369 | D:7      | Reached skill level 9 in Ranged Weapons
  5370 | D:7      | Reached skill level 1 in Invocations
  5712 | D:7      | Reached XP level 9. HP: 40/44 MP: 11/11
  5734 | D:7      | Reached skill level 9 in Dodging
  5772 | D:7      | 5772 ||| UPGRADING to +0 acid dragon scales.
  5774 | D:7      | 5774 ||| UPGRADING to +0 acid dragon scales.
  5784 | D:7      | 5784 ||| DROPPING +1 robe.
  5785 | D:7      | 5785 ||| READING scroll of enchant armour.
  5785 | D:7      | 5785 ||| ENCHANTING +0 acid dragon scales.
  5786 | D:7      | 5786 ||| UPGRADING to ring of willpower.
  5812 | D:7      | Reached skill level 3 in Invocations
  5816 | D:7      | Reached skill level 1 in Armour
  5880 | D:7      | 5880 ||| READING scroll of identify.
  5880 | D:7      | 5880 ||| IDENTIFYING green potion
  5896 | D:7      | Reached ** piety under Okawaru
  6251 | D:7      | Found a snail-covered altar of Cheibriados.
  6253 | D:7      | Found a basalt altar of Yredelemnul.
  6255 | D:7      | Found a shimmering blue altar of Sif Muna.
  6308 | D:7      | 6308 ||| UPGRADING to amulet of faith.
  6366 | D:8      | Reached skill level 10 in Dodging
  6478 | D:8      | 6478 ||| RETREEEEATING.
  6556 | D:8      | Found a large runed translucent door.
  6556 | D:8      | Found a large runed translucent door.
  6559 | D:8      | Noticed a centaur warrior
  6585 | D:8      | Reached *** piety under Okawaru
  6634 | D:8      | 6634 ||| READING scroll of acquirement.
  6634 | D:8      | 6634 ||| ACQUIRING +2 robe of the Baker {Int+4 Dex+3}
  6634 | D:8      | Acquired the +2 robe of the Baker {Int+4 Dex+3}
  6636 | D:8      | 6636 ||| UPGRADING to +2 robe of the Baker {Int+4 Dex+3}.
  6646 | D:8      | 6646 ||| DROPPING +1 acid dragon scales.
  6650 | D:8      | 6650 ||| RETREEEEATING.
  6652 | D:8      | 6652 ||| RETREEEEATING.
  6654 | D:8      | 6654 ||| RETREEEEATING.
  6657 | D:8      | 6657 ||| RETREEEEATING.
  6667 | D:8      | HP: 11/45 [vampire mosquito (4)]
  6672 | D:8      | HP: 11/45 [vampire mosquito (2)]
  6676 | D:8      | Reached XP level 10. HP: 13/50 MP: 14/14
  6686 | D:8      | Reached skill level 11 in Dodging
  6841 | D:8      | Found a large runed translucent door.
  6842 | D:8      | Found a large runed translucent door.
  6865 | D:8      | 6865 ||| INVOKING Heroism.
  6879 | D:8      | 6879 ||| INVOKING Heroism.
  6879 | D:8      | HP: 12/50 [poisoned by a hornet]
  6881 | D:8      | Reached skill level 12 in Dodging
  6884 | D:8      | Reached **** piety under Okawaru
  6884 | D:8      | HP: 6/50 [poisoned by a hornet]
  7246 | D:8      | 7246 ||| Stepping ~*~*~tactically~*~*~ (cloud).
  7252 | D:8      | HP: 5/46 [steam dragon] (20)]
  7444 | D:8      | 7444 ||| RETREEEEATING.
  7458 | D:8      | HP: 7/50 [gnoll/+2 whip of electrocution[a gnoll sergeant]
                  | (18)]
  7701 | D:8      | Found a shadowy altar of Dithmenos.
  7813 | D:8      | HP: 9/50 [troll (6)]
  7815 | D:8      | Slain by a troll

Levels and vault maps discovered:
D:1:      shiori_arrival_maze, layout_loops_cross
D:2:      layout_basic, serial_shops, shop_statue, shop,
          shapermc_ecumenical_altar_rom_forum, lemuel_flame_loot_1
D:3:      layout_basic, serial_shops, shop, uniq_natasha
D:4:      layout_basic
D:5:      layout_basic, serial_shops, nicolae_square_shop
D:6:      layout_basic, minmay_temple_entry_purple_smoke,
          chequers_serial_rivers_micro_c, uniq_menkaure
D:7:      layout_cave_pools, grunt_temple_overflow_diamond, minmay_puff,
          uniq_maggie
D:8:      layout_loops_cross, grunt_dithmenos_shadows,
          minmay_hollow_rounded_squares
Temple:   bh_familiar_temple

Skill      XL: |  1  2  3  4  5  6  7  8  9 10 |
---------------+-------------------------------+-----
Dodging        | 3 4 5 6 7 8 10 12 | 12.5
Ranged Weapons | 5 6 8 9 10 11 | 11.0
Fighting       | 2 3 4 |  4.2
Invocations    | 2 4 5 |  5.1
Armour         | 1 |  1.2
Stealth        | |  1.5

Action                     |  1- 3 |  4- 6 |  7- 9 | 10-12 || total
---------------------------+-------+-------+-------+-------++-------
   Fire: Shortbow          |   101 |    96 |       |       ||   197
         Orcbow            |       |    58 |    61 |       ||   119
         Arbalest          |       |       |   178 |   100 ||   278
 Invoke: Heroism           |       |       |       |     2 ||     2
  Evoke: Wand              |       |       |    11 |       ||    11
    Use: Scroll            |     1 |     8 |    11 |       ||    20
         Potion            |       |     1 |       |       ||     1
 Armour: Robe              |    11 |    15 |    31 |    28 ||    85
         Acid dragon scale |       |       |    17 |       ||    17
  Dodge: Dodged            |    58 |    59 |   162 |   118 ||   397

Table legend:
 A = Non-vault XP
 B = Vault XP
 C = Vault XP percentage of total XP
 D = Non-vault monster count
 E = Vault monster count
 F = Vault count percentage of total count
                 A         B        C        D         E       F
            +---------+---------+-------+---------+---------+-------
      Total |    5395 |    2728 |  33.6 |     148 |      21 |  12.4
            +---------+---------+-------+---------+---------+-------
        D:1 |      48 |       4 |   7.7 |      25 |       2 |   7.4
        D:2 |      65 |       0 |   0.0 |      16 |       0 |   0.0
        D:3 |      74 |      35 |  32.1 |      11 |       1 |   8.3
        D:4 |     186 |       0 |   0.0 |      15 |       0 |   0.0
        D:5 |     709 |       0 |   0.0 |      23 |       0 |   0.0
        D:6 |     620 |     169 |  21.4 |      16 |       1 |   5.9
        D:7 |     915 |    1067 |  53.8 |      11 |       7 |  38.9
        D:8 |    2778 |    1453 |  34.3 |      31 |      10 |  24.4
            +---------+---------+-------+---------+---------+-------
